 Dungeon Crawl Stone Soup version 0.29-a0-375-g5102b3be25 (webtiles) character file.

Game seed: 16327089601573727426

2523 YayAnonymity the Spear-Bearer (level 9, -2/67 HPs)
             Began as a Demonspawn Fighter on May 4, 2022.
             Was an Initiate of Okawaru.
             Slain by an ice beast (14 damage)
             ... on level 5 of the Dungeon.
             The game lasted 00:11:53 (7715 turns).

YayAnonymity the Spear-Bearer (Demonspawn Fighter)  Turns: 7715, Time: 00:11:54

Health: -2/67      AC: 11    Str: 21    XL:     9   Next: 29%
Magic:  19/19      EV:  8    Int:  9    God:    Okawaru [......]
Gold:   341        SH:  4    Dex: 13    Spells: 8/8 levels left

rFire   + . .      SeeInvis .   a - +1 trident
rCold   . . .      Faith    .   c - +0 buckler
rNeg    . . .      Spirit   .   n - +1 chain mail
rPois   .          Reflect  .   (helmet restricted)
rElec   .          Harm     .   (no cloak)
rCorr   .          Rampage  .   o - +0 pair of gloves
Will    .....                   (no boots)
Stlth   ..........              (no amulet)
HPRegen 0.21/turn               e - ring of protection from fire
MPRegen 0.16/turn               k - ring of magical power

@: no status effects
A: horns 2, (demonic guardian 2), spiny 1, weakness stinger 1, demonic touch 1
a: Renounce Religion


You were on level 5 of the Dungeon.
You worshipped Okawaru.
Okawaru was noncommittal.
You visited 2 branches of the dungeon, and saw 7 of its levels.
You also visited: Sewer.

You collected 363 gold pieces.
You spent 22 gold pieces at shops.

Inventory:

Hand Weapons
 a - a +1 trident (weapon)
Missiles
 m - 2 silver boomerangs (quivered)
Armour
 c - a +0 buckler (worn)
 n - a +1 chain mail (worn)
 o - a +0 pair of gloves (worn)
Jewellery
 e - a ring of protection from fire (left hand)
 k - a ring of magical power (right hand)
Wands
 f - a wand of flame (13)
 i - a wand of polymorph (13)
Scrolls
 d - a scroll of torment
 g - a scroll of blinking
 j - 2 scrolls of enchant armour
 r - 3 scrolls of vulnerability
 w - 3 scrolls of teleportation
 x - a scroll of magic mapping
Potions
 b - 2 potions of magic
 l - 5 potions of curing
 p - 3 potions of heal wounds
 q - a potion of brilliance {unknown}
 s - a potion of cancellation {unknown}
 t - 2 potions of resistance {unknown}
 u - a potion of haste {unknown}
 v - 5 potions of flight
 z - a potion of berserk rage {unknown}


   Skills:
 + Level 4.9 Fighting
 + Level 9.7 Polearms
 + Level 4.4 Armour
 + Level 3.3 Dodging
 - Level 2.6 Shields
 + Level 2.1 Invocations


You had 8 spell levels left.
You didn't know any spells.
Your spell library contained the following spells:

 Spells                   Type           Power      Damage    Failure   Level
 Magic Dart               Conj           0%         1d3       99%         1
 Slow                     Hex            0%         N/A       99%         1
 Searing Ray              Conj           0%         2d4       100%        2
 Confusing Touch          Hex            0%         N/A       100%        3
 Vampiric Draining        Necr           0%         2d6       100%        3
 Fulminant Prism          Conj/Hex       0%         3d6       100%        4
 Passage of Golubria      Tloc           0%         N/A       100%        4
 Silence                  Hex/Air        0%         N/A       100%        5
 Lehudib's Crystal Spear  Conj/Erth      0%         10d2      100%        8


Dungeon Overview and Level Annotations

Branches:
Dungeon (6/15)             Temple (1/1) D:6           Sewer (visited)

Altars:
Ashenzari
Cheibriados
Dithmenos
Elyvilon
Fedhas
Gozag
Hepliaklqana
Kikubaaqudgha
Okawaru
Ru
Sif Muna
Trog
Uskayaw
Vehumet
Wu Jian
Xom
Yredelemnul
Zin
The Shining One

Shops:
D:4 *

Annotations:
D:3 2 transporters


Innate Abilities, Weirdness & Mutations

You have a pair of horns on your head.
((A demonic guardian rushes to your aid.))
You are partially covered in sharp spines.
You have a small tail.
Your touch may inflict minor irresistible damage on your foes.


Message History

An ice beast comes into view.
You enter the shallow water.
Moving in this stuff is going to be slow.
The ice beast hits you but does no damage.
The gnoll barely misses you. The ice beast closely misses you.
You block the ice beast's attack.
There is a collapsed entrance here.
The ice beast attacks as you move away! You block the ice beast's attack.
You enter the shallow water.
Moving in this stuff is going to be slow.
The ice beast is struck by your spines.
The ice beast hits you but does no damage.
Things that are here:
a +0 chain mail; a +0 spear The ice beast attacks as you move away!
The ice beast barely misses you. The ice beast attacks as you move away!
The ice beast hits you but does no damage.
The ice beast attacks as you move away! The ice beast is struck by your spines.
The ice beast barely misses you.
There is a stone staircase leading up, spattered with blood here.
The ice beast closely misses you.
You climb upwards.
There is a stone staircase leading down here.
You closely miss the ice beast.
The ice beast is moderately wounded.
The ice beast hits you. The ice beast freezes you!
You barely miss the ice beast. You tail-slap the ice beast.
The ice beast is heavily wounded.
The ice beast hits you but does no damage.
You hit the ice beast but do no damage.
The ice beast is heavily wounded.
The ice beast hits you. The ice beast freezes you!
* * * LOW HITPOINT WARNING * * *
You hit the ice beast.
Your tail-slap misses the ice beast.
The ice beast is severely wounded.
The ice beast hits you.
* * * LOW HITPOINT WARNING * * *
The ice beast freezes you!
You die...

######.# ##.#.#.................
.......# #...#.^......^...^####
.####### ##..#.#^.........#####
......# #....................
...##.########)#.####^...########
##)##.#......[[..# ######.......
##.##.#..........# #####.######
)..##.#..........# #.†...#...##
#####.#........Y@## #.##..#.#..#
.# #.#........#..####'#####.####
.# #.#........#.##.......##....'
.# #.#........###...†.....##...#
.# #.#.........#...........#...#
.# #.#######...#....###....#...+
.# #.# #...#...##y##...#...# .#
#.# #...#....###....#...# .# #(#
#...##.........##...'


You could see an ice beast.

Vanquished Creatures
  Pikel (D:5)
  A steam dragon (D:4)
  An orc warrior (D:6)
  A sky beast (D:5)
  2 ice beasts
  A black bear (D:6)
  3 ogres (D:5)
  3 lemures (D:5)
  A phantom (D:5)
  2 necrophages
  2 scorpions
  A gnoll shaman (D:6)
  An orc priest (D:4)
  4 hounds
  2 jellies (D:6)
  3 iguanas
  4 orc wizards
  A merfolk siren (Sewer)
  A merfolk avatar (Sewer)
  14 adders
  6 gnolls
  A river rat (D:6)
  3 white imps (D:5)
  An ufetubus (D:3)
  2 worms
  6 dart slugs
  14 orcs
  22 ball pythons
  8 bats
  5 endoplasms
  6 giant cockroaches
  6 goblins
  8 hobgoblins
  2 jackals (D:1)
  9 kobolds
  7 quokkas
  7 frilled lizards
  36 rats
198 creatures vanquished.

Vanquished Creatures (collateral kills)
  Terence (D:3)
  A white imp (D:5)
  An orc (D:5)
3 creatures vanquished.

Vanquished Creatures (others)
  3 plants (D:5)
3 creatures vanquished.

Grand Total: 204 creatures vanquished

Notes
Turn   | Place    | Note
-------+----------+-------------------------------------------
     0 | D:1      | YayAnonymity the Demonspawn Fighter began the quest for the
                  | Orb.
     0 | D:1      | Reached XP level 1. HP: 18/18 MP: 1/1
    28 | D:1      | Reached skill level 2 in Polearms
   254 | D:1      | Gained mutation: A weak demonic guardian rushes to your
                  | aid. [demonic ancestry]
   254 | D:1      | Reached XP level 2. HP: 18/24 MP: 2/2
   719 | D:1      | Reached skill level 3 in Polearms
   871 | D:1      | Found a faded altar of an unknown god.
   902 | D:1      | Gained mutation: You are partially covered in sharp spines.
                  | [demonic ancestry]
   902 | D:1      | Reached XP level 3. HP: 28/29 MP: 3/3
  2417 | D:3      | Noticed Terence
  2427 | D:3      | Killed Terence
  2428 | D:3      | Reached skill level 4 in Polearms
  2428 | D:3      | Gained mutation: A demonic guardian rushes to your aid.
                  | [demonic ancestry]
  2428 | D:3      | Reached XP level 4. HP: 27/35 MP: 4/4
  2850 | D:3      | Found a transporter.
  3028 | D:3      | Found a transporter.
  3171 | D:3      | Discovered your monstrous ancestry.
  3171 | D:3      | Gained mutation: Your touch may inflict minor irresistible
                  | damage on your foes. [demonic ancestry]
  3171 | D:3      | Reached XP level 5. HP: 38/41 MP: 5/5
  3173 | D:3      | Reached skill level 5 in Polearms
  3286 | D:4      | Found Akhew's General Store.
  3291 | D:4      | Bought a scroll of identify for 22 gold pieces
  3632 | D:4      | Found a snail-covered altar of Cheibriados.
  3816 | D:4      | Noticed a steam dragon
  3834 | D:4      | Killed a steam dragon
  3835 | D:4      | Reached skill level 6 in Polearms
  3835 | D:4      | Gained mutation: You have a pair of small horns on your
                  | head. [demonic ancestry]
  3835 | D:4      | Reached XP level 6. HP: 10/47 MP: 6/6
  4588 | D:5      | Entered Level 5 of the Dungeon
  4847 | D:5      | Found a hide-covered altar of Uskayaw.
  4923 | D:5      | Noticed a moth of wrath
  4925 | D:5      | Found a bloodstained altar of Trog.
  5079 | D:5      | Reached skill level 7 in Polearms
  5079 | D:5      | Gained mutation: You have a small tail. [demonic ancestry]
  5079 | D:5      | Reached XP level 7. HP: 52/52 MP: 7/7
  5164 | D:5      | Noticed Pikel
  5193 | D:5      | Killed Pikel
  5194 | D:5      | Reached skill level 9 in Polearms
  5194 | D:5      | Reached XP level 8. HP: 28/58 MP: 8/8
  5558 | D:5      | Reached skill level 1 in Dodging
  6042 | D:6      | Found a glowing drain.
  6070 | D:6      | Gained mutation: You have a pair of horns on your head.
                  | [demonic ancestry]
  6070 | D:6      | Reached XP level 9. HP: 59/66 MP: 9/9
  6074 | D:6      | Found a staircase to the Ecumenical Temple.
  6080 | Temple   | Entered the Ecumenical Temple
  6182 | Temple   | Became a worshipper of Warmaster Okawaru
  6230 | Sewer    | Entered a sewer
  6643 | D:6      | Reached skill level 1 in Invocations
  7238 | D:6      | HP: 3/66 [orc warrior/+0 halberd (15)]
  7715 | D:5      | Slain by an ice beast

Illustrated notes

Levels and vault maps discovered:
D:1:      giann_horns, layout_basic, hellmonk_ecumenical_altar_inner_sanctum
D:2:      layout_rooms, serial_co_window_serial, co_window_corner_a,
          co_window_paths_a, co_window_paths_a, co_window_of_opportunity_a,
          co_window_paths_a, co_window_broadway_c, co_window_of_opportunity_c,
          co_window_of_opportunity_c, co_window_broadway_c,
          co_window_unsneaky_path_e, co_window_paths_c, co_window_corner_ca,
          co_window_4corner_a, glass_columns_b, glass_columns_b,
          glass_columns_c, glass_columns_a, glass_columns_a
D:3:      layout_basic, gammafunk_ghost_abyssal_escape,
          nicolae_concentric_dashed_squares_mild, cheibrodos_gnoll_hut,
          uniq_terence
D:4:      layout_loops_ring, kennysheep_slug_shrine, serial_shops,
          nicolae_shop_hallway_plus
D:5:      layout_basic, tgw_trog, mainiacjoe_overflow_24_doors,
          serial_bayou_pond_b, minmay_holes, minmay_joined_circles, uniq_pikel
D:6:      layout_loops_ring, nemelex_dance_club_becter,
          minmay_temple_entry_arrows, cheibrodos_sewer_entry_sluice,
          uniq_blork_the_orc
Temple:   nicolae_temple_elliptical

Skill      XL: |  1  2  3  4  5  6  7  8  9 |
---------------+----------------------------+-----
Polearms       | 2 3 4 6 7 9 |  9.7
Armour         | 4 |  4.4
Dodging        | 2 3 |  3.3
Fighting       | 4 |  4.9
Invocations    | 2 |  2.1
Shields        | |  2.6

Action                   |  1- 3 |  4- 6 |  7- 9 || total
-------------------------+-------+-------+-------++-------
Melee: Trident           |   138 |   180 |   282 ||   600
       Headbutt          |       |     4 |    39 ||    43
       Tailslap          |       |       |    23 ||    23
  Use: Scroll            |       |     7 |     5 ||    12
       Potion            |       |       |     1 ||     1
Armor: Scale mail        |    56 |       |       ||    56
       Chain mail        |       |    59 |    73 ||   132
Dodge: Dodged            |    42 |    25 |    48 ||   115
Block: Buckler           |    27 |    36 |    35 ||    98

Table legend: (Time is in decaauts)
 A = Elapsed time spent in this place.
 B = Non-inter-level travel time spent in this place.
 C = Inter-level travel time spent in this place.
 D = Time resting spent in this place.
 E = Time spent auto-exploring this place.
 F = Levels seen in this place.
 G = Mean time per level.
                   A        B        C        D        E       F      G
               +--------+--------+--------+--------+--------+-----+--------+
         Total |   7779 |   7663 |    116 |   1426 |   4677 |   8 |  972.4 |
       Dungeon |   7223 |   7117 |    106 |   1426 |   4428 |   6 | 1203.8 |
        Temple |    113 |    103 |     10 |      0 |     23 |   1 |  113.0 |
         Sewer |    441 |    441 |      0 |      0 |    226 |   1 |  441.0 |
               +--------+--------+--------+--------+--------+-----+--------+

Top non-repeatable levels by time:
     D:5: 2113 daAuts
     D:4: 1363 daAuts
     D:2: 1260 daAuts
     D:1: 1153 daAuts
     D:3: 850 daAuts
     D:6: 482 daAuts
   Sewer: 441 daAuts
  Temple: 113 daAuts
